 Dungeon Crawl Stone Soup version 0.22-a0-422-g9628fc8 (webtiles) character file.

233 PegasusDuck the Skirmisher (level 6, -1/40 HPs)
             Began as a Tengu Wanderer on May 17, 2018.
             Was a Follower of Elyvilon.
             Slain by an orc (3 damage)
             ... on level 3 of the Dungeon.
             The game lasted 00:07:37 (3172 turns).

PegasusDuck the Skirmisher (Tengu Wanderer)         Turns: 3172, Time: 00:07:38

Health: -1/40      AC:  6    Str: 15    XL:     6   Next: 4%
Magic:  7/7        EV:  9    Int: 14    God:    Elyvilon [*.....]
Gold:   67         SH:  0    Dex: 11    Spells: 5/5 levels left

rFire    . . .     SeeInvis .   a - +2 dagger
rCold    . . .     Gourm    .   (no shield)
rNeg     . . .     Faith    .   i - +0 scale mail
rPois    .         Spirit   .   (helmet restricted)
rElec    .         Reflect  .   (no cloak)
rCorr    .         Harm     .   (no gloves)
MR       .....                  (boots unavailable)
Stlth    ..........             (no amulet)
HPRegen  0.13/turn              (no ring)
MPRegen  0.10/turn              (no ring)

@: protection
A: beak, talons 3, able to fly 1
a: Fly, Lesser Healing, Divine Protection, Renounce Religion


You were on level 3 of the Dungeon.
You worshipped Elyvilon.
Elyvilon was aware of your devotion.
You were very hungry.

You visited 1 branch of the dungeon, and saw 4 of its levels.

You collected 67 gold pieces.

Inventory:

Hand Weapons
 a - a +2 dagger (weapon)
 c - a +0 spear
 d - a +0 falchion
Armour
 i - a +0 scale mail (worn)
Scrolls
 b - a scroll of fear
 e - a scroll of remove curse
 j - 4 scrolls of amnesia
 k - 2 scrolls of teleportation
Potions
 h - a potion of degeneration
 l - a potion of lignification {unknown}
Comestibles
 f - 3 rations


   Skills:
 * Level 5.6 Fighting
 - Level 1.1 Long Blades
 - Level 1.1 Polearms
 - Level 2.0 Throwing
 + Level 3.1 Armour
 - Level 1.5 Dodging
 - Level 2.0 Stealth


You had 5 spell levels left.
You didn't know any spells.
Your spell library was empty.

Dungeon Overview and Level Annotations

Branches:
Dungeon (4/15)
 Temple: D:4-7

Altars:
Cheibriados
Elyvilon
Zin
The Shining One

Annotations:
D:3 Verendum's ghost, amateur TrMo


Innate Abilities, Weirdness & Mutations

You have a beak for a mouth.
You have claws for feet.
You can fly.


Message History

Cornered, the orc turns to fight!
You hit the orc but do no damage. Your kick misses the orc. You peck the orc.
The orc is lightly wounded.
The orc barely misses you.
You barely miss the orc. Your kick misses the orc.
The orc is lightly wounded.
The orc hits you. The orc hits you.
You climb upwards.
Level annotation: Verendum's ghost, amateur TrMo Verendum's ghost hits you!
* * * LOW HITPOINT WARNING * * *
There is a stone staircase leading down, spattered with blood here.
Okay, then.
Okay, then.
Okay, then.
Okay, then.
You beseech Elyvilon to protect your life.
The orc hits you.
You die...

#.# ##'## #.## ##.#
##..(###... #..##
##.....##### #.#.##
##.......##
#....####.........###
######.......'<........'.(
#.........####.........##.
#.####.#..# ##.......###.
#.# #..##@# ##.....####.
#.# #.###o# ##...####..
#.###)###># ##'## #.≈≈
#........W# ####.####≈≈≈
#####.##### #......##≈≈.
#.# #######.##.#.##≈≈≈ #.#
#............###≈≈ #.#
#.#####.....)####_
#.###.#####.#.......##


You could see Verendum's ghost and an orc.

Vanquished Creatures
  An ogre (D:4)
  3 gnolls (D:3)
  3 adders
  A worm (D:2)
  3 dart slugs (D:3)
  3 leopard geckos
  2 orcs
  6 bats
  3 giant cockroaches
  7 goblins
  10 hobgoblins
  5 jackals
  21 kobolds
  2 quokkas
  2 ball pythons (D:1)
  2 frilled lizards (D:2)
  A jackal skeleton (D:4)
  7 rats
82 creatures vanquished.

Notes
Turn   | Place    | Note
-------+----------+-------------------------------------------
     0 | D:1      | PegasusDuck the Tengu Wanderer began the quest for the Orb.
     0 | D:1      | PegasusDuck set off with: a +2 dagger, a scroll of fear, a +0 spear, a +0 falchion, a +0 robe, a ration
     0 | D:1      | Reached XP level 1. HP: 14/14 MP: 2/2
     6 | D:1      | Noticed a komodo dragon
     6 | D:1      | Noticed a tyrant leech
     6 | D:1      | Noticed a queen ant
     7 | D:1      | Noticed a yaktaur
   221 | D:1      | Reached XP level 2. HP: 19/19 MP: 3/3
  1022 | D:2      | Reached XP level 3. HP: 19/24 MP: 4/4
  1108 | D:2      | Reached skill level 1 in Armour
  1197 | D:2      | Reached skill level 4 in Fighting
  1437 | D:2      | Reached XP level 4. HP: 23/29 MP: 5/5
  1806 | D:2      | Found a white marble altar of Elyvilon.
  1810 | D:2      | Found a glowing golden altar of the Shining One.
  1811 | D:2      | Found a glowing silver altar of Zin.
  1832 | D:2      | Became a worshipper of Elyvilon the Healer
  1992 | D:3      | Found a snail-covered altar of Cheibriados.
  2266 | D:3      | Gained mutation: You can fly. [Tengu growth]
  2266 | D:3      | Reached XP level 5. HP: 16/34 MP: 6/6
  2311 | D:3      | Noticed Verendum's ghost (amateur TrMo)
  2332 | D:3      | HP: 1/34 [Verendum's ghost (13)]
  2675 | D:3      | Reached skill level 5 in Fighting
  3058 | D:4      | Noticed an ogre
  3070 | D:4      | Killed an ogre
  3070 | D:4      | Reached XP level 6. HP: 30/40 MP: 3/7
  3101 | D:4      | Reached * piety under Elyvilon
  3169 | D:3      | HP: 1/40 [Verendum's ghost (13)]
  3172 | D:3      | Slain by an orc

Vault maps used:
D:1:      onia_arrival_zoo_common
D:2:      good_gods_temple_1, minmay_misc_feat_rows
D:3:      minmay_goblin_kobold_castle, kennysheep_slug_shrine
D:4:      first_ration

Skill      XL: |  1  2  3  4  5 |
---------------+----------------+-----
Armour         | 1 2 3 |  3.1
Fighting       | 4 5 |  5.6
Long Blades    | |  1.1
Polearms       | |  1.1
Throwing       | |  2.0
Dodging        | |  1.5
Stealth        | |  2.0

Action                   |  1- 3 |  4- 6 || total
-------------------------+-------+-------++-------
Melee: Dagger            |    86 |   151 ||   237
       Peck              |    10 |    19 ||    29
       Kick              |     9 |    37 ||    46
Invok: Divine Protection |       |     1 ||     1
 Abil: Fly               |       |     3 ||     3
  Use: Scroll            |     2 |     7 ||     9
       Potion            |       |     1 ||     1
 Stab: Sleeping          |     1 |       ||     1
  Eat: Chunk             |     2 |     1 ||     3
       Ration            |       |     1 ||     1
Armor: Robe              |     1 |       ||     1
       Scale mail        |    24 |    74 ||    98
Dodge: Dodged            |    43 |   106 ||   149

Table legend:
 A = Spawn XP
 B = Non-spawn XP
 C = Spawn XP percentage of total XP
 D = Spawn monster count
 E = Non-spawn monster count
 F = Spawn count percentage of total count
 G = Total turns spent on level
                    A         B        C        D         E        F      G
               +---------+---------+-------+---------+---------+-------+---------
         Total |       0 |     333 |   0.0 |       0 |      82 |   0.0 |  3172
               +---------+---------+-------+---------+---------+-------+---------
           D:1 |       0 |      33 |   0.0 |       0 |      20 |   0.0 |  1016
           D:2 |       0 |      73 |   0.0 |       0 |      27 |   0.0 |  1334
           D:3 |       0 |      90 |   0.0 |       0 |      28 |   0.0 |   518
           D:4 |       0 |     137 |   0.0 |       0 |       7 |   0.0 |   304
               +---------+---------+-------+---------+---------+-------+---------
